 Dungeon Crawl Stone Soup version 0.19.5 (webtiles) character file.

820 Hasye the Magician (level 7, 0/36 HPs)
             Began as a Gargoyle Earth Elementalist on Apr 18, 2017.
             Slain by Pikel
             ... wielding a +1 whip of flaming
              (1 damage)
             ... on level 5 of the Dungeon.
             The game lasted 00:28:06 (5556 turns).

Hasye the Magician (Gargoyle Earth Elementalist)    Turns: 5556, Time: 00:28:06

Health: 0/36       AC:  8    Str: 15    XL:     7   Next: 95%
Magic:  14/17      EV: 12    Int: 17    God:
Gold:   274        SH:  0    Dex: 10    Spells: 2 memorised, 15 levels left

rFire  + . .     SeeInvis .     v - -2 dagger
rCold  . . .     Gourm    +     c - +0 robe
rNeg   + . .     Faith    .     (no shield)
rPois  ∞         Spirit   .     k - +1 hat
rElec  +         Reflect  .     (no cloak)
rCorr  .         Harm     .     (no gloves)
MR     .....                    o - +0 pair of boots
Stlth  ++........               p - amulet of the gourmand
                                m - ring of protection from fire
                                g - +3 ring of strength

@: no status effects
A: negative energy resistance 1, electricity resistance, unbreathing,
petrification resistance, rot immunity, AC +4
a: no special abilities


You were on level 5 of the Dungeon.
You were not hungry.

You visited 1 branch of the dungeon, and saw 6 of its levels.

You collected 274 gold pieces.

Inventory:

Hand Weapons
 f - a +0 dagger
 s - a +0 halberd of venom
 v - a -2 dagger (weapon)
 x - a cursed -2 spear
Missiles
 b - 177 stones (quivered)
Armour
 c - a +0 robe (worn)
 k - a +1 hat (worn)
 o - a +0 pair of boots (worn)
 u - a +0 leather armour
 A - a +0 leather armour
Magical Staves
 y - an uncursed staff of power {unknown}
Jewellery
 a - an uncursed ring of loudness
 g - a +3 ring of strength (left hand)
 m - a ring of protection from fire (right hand)
 p - an amulet of the gourmand (around neck)
Wands
 F - a wand of disintegration (7/24)
Scrolls
 d - a scroll of magic mapping
 n - a scroll of noise
 z - a scroll of blinking {unknown}
 B - a scroll of identify {unknown}
 D - a scroll of recharging {unknown}
Potions
 h - a potion of ambrosia {unknown}
 l - a potion of agility {unknown}
 q - a potion of heal wounds {unknown}
 w - a potion of brilliance {unknown}
 E - a potion of flight {unknown}
Books
 e - a book of Geomancy

   Spells                             Type                      Level
   a - Sandblast                      Earth                        1
   b - Passwall                       Transmutation/Earth          2
   c - Stone Arrow                    Conjuration/Earth            3
   d - Petrify                        Transmutation/Earth          4
   e - Lee's Rapid Deconstruction     Earth                        5
 j - a book of Battle

   Spells                             Type                      Level
   a - Infusion                       Charms                       1
   b - Shroud of Golubria             Charms/Translocation         2
   c - Song of Slaying                Charms                       2
   d - Spectral Weapon                Hexes/Charms                 3
   e - Regeneration                   Charms/Necromancy            3
Comestibles
 r - 2 bread rations
 C - 2 meat rations


   Skills:
 - Level 1.5 Dodging
 - Level 2.1 Stealth
 * Level 6.8 Spellcasting
   Level 0.7 Transmutations
 + Level 6.7 Earth Magic


You had 15 spell levels left.
You knew the following spells:

 Your Spells              Type           Power        Failure   Level  Hunger
a - Sandblast             Erth           ####..       1%          1    None
b - Stone Arrow           Conj/Erth      ###...       10%         3    ##.....


Dungeon Overview and Level Annotations

Branches:
Dungeon (6/15)             Temple (0/1) D:6

Altars:
Trog

Shops:
D:6 [

Annotations:
D:5 Pikel
D:6 Edmund


Innate Abilities, Weirdness & Mutations

You are resistant to torment.
Your stone body is resilient. (AC +4)
You are immune to poison.
You resist negative energy. (rN+)
You are resistant to electric shocks. (rElec)
You can survive without breathing.
You are immune to petrification.
You are immune to rotting.


Message History

Pikel hits you but does no damage.
There is a stone staircase leading up here.
The slave barely misses you. Pikel closely misses you.
You climb upwards.
There is a stone staircase leading down here.
As you read the scroll of remove curse, it crumbles to dust.
You feel as if something is helping you.
The slave hits you.
* * * LOW HITPOINT WARNING * * *
Pikel completely misses you.
Casting: Sandblast
Confirm with . or Enter, or press ? or * to list all spells.
Aiming: Stone Arrow
Press: ? - help, Shift-Dir - straight line, f - Pikel
Aim: Pikel, wielding a whip of flaming and wearing a robe The stone arrow misses Pikel.
The slave closely misses you. Pikel hits you with a whip of flaming.
* * * LOW HITPOINT WARNING * * *
Pikel burns you.
You die...

#..## #..........### ##..#
##..# #......##....###...#
#..####.....####.........##
#...h......#####..........#
##....###...###............##
## ##...###
##..........###.....###.
#[...#
##.......#####.........
....## ##....p.# ##..........
....# #..K@.####..........#
....# ##....##....##.....##
...## #........# #......#
...# #......### #....... ...#
###...### #)...#.. .#..#
####....## #....#..
##...#####.......# ##...###.
#..............## #....# #
##...[.#####....## #....# #


You could see Pikel and a slave.

Vanquished Creatures
  A sky beast (D:5)
  2 phantoms
  A bullfrog (D:6)
  3 howler monkeys
  A jelly (D:6)
  2 iguanas (D:4)
  2 worker ants (D:5)
  A hound zombie (D:5)
  3 gnolls (D:3)
  A howler monkey skeleton (D:4)
  9 adders
  A shadow imp (D:6)
  4 oozes
  2 worms (D:3)
  2 dart slugs
  6 leopard geckos
  An orc (D:3)
  10 bats
  6 giant cockroaches
  7 goblins
  3 hobgoblins
  5 jackals
  5 quokkas
  A ball python zombie (D:5)
  7 frilled lizards
  6 kobolds
  5 rats
97 creatures vanquished.

Notes
Turn   | Place    | Note
-------+----------+-------------------------------------------
     0 | D:1      | Hasye the Gargoyle Earth Elementalist began the quest for the Orb.
     0 | D:1      | Reached XP level 1. HP: 10/10 MP: 3/3
   394 | D:1      | Reached XP level 2. HP: 7/15 MP: 5/5
  1052 | D:1      | Reached XP level 3. HP: 19/19 MP: 5/7
  1064 | D:1      | Learned a level 3 spell: Stone Arrow
  1620 | D:2      | Reached XP level 4. HP: 24/24 MP: 4/9
  1718 | D:2      | Found a bloodstained altar of Trog.
  2124 | D:3      | Found a glowing drain.
  2474 | D:3      | Reached XP level 5. HP: 28/28 MP: 7/11
  2995 | D:4      | Noticed a phantom
  3009 | D:4      | Killed a phantom
  3009 | D:4      | Reached skill level 5 in Spellcasting
  3009 | D:4      | Reached skill level 5 in Earth Magic
  3009 | D:4      | Reached XP level 6. HP: 15/32 MP: 5/13
  3893 | D:5      | Entered Level 5 of the Dungeon
  3898 | D:5      | Reached XP level 7. HP: 36/36 MP: 9/15
  5211 | D:6      | Noticed Pikel
  5325 | D:6      | Found a bloodstained altar of Trog.
  5466 | D:6      | Noticed Edmund
  5498 | D:6      | Found Welerret's Armour Boutique.
  5534 | D:6      | Found a staircase to the Ecumenical Temple.
  5550 | D:6      | HP: 1/36 [Pikel/whip of flaming (1)]
  5556 | D:5      | HP: 1/36 [Pikel/whip of flaming (5)]
  5556 | D:5      | Slain by Pikel

Skill      XL: |  1  2  3  4  5  6  7 |
---------------+----------------------+-----
Spellcasting   | 3 4 5 6 |  6.8
Earth Magic    | 4 5 6 |  6.7
Dodging        | |  1.5
Stealth        | |  2.1
Transmutations | |  0.7

Action                   |  1- 3 |  4- 6 |  7- 9 || total
-------------------------+-------+-------+-------++-------
Melee: Dagger            |    21 |     5 |    46 ||    72
 Cast: Sandblast         |    39 |   108 |    71 ||   218
       Stone Arrow       |       |     2 |     3 ||     5
  Use: Scroll            |     4 |     2 |     2 ||     8
       Potion            |       |     1 |     2 ||     3
 Stab: Sleeping          |     2 |       |       ||     2
  Eat: Bread ration      |     1 |       |       ||     1
       Chunk             |       |     1 |       ||     1
       Beef jerky        |       |     1 |       ||     1
       Meat ration       |       |     1 |     1 ||     2
Armor: Robe              |    25 |    32 |    69 ||   126
Dodge: Dodged            |    52 |    59 |    66 ||   177
